 Dungeon Crawl Stone Soup version 0.28.0-43-g3370ac3207 (webtiles) character file.

Game seed: 5335500971962469020

91 Pinkishskies the Magician (level 4, -9/31 HPs)
             Began as a Djinni Fire Elementalist on Mar 9, 2022.
             Mangled by Terence
             ... wielding a +0 flail
              (11 damage)
             ... on level 2 of the Dungeon.
             The game lasted 00:05:16 (2914 turns).

Pinkishskies the Magician (DjFE)                    Turns: 2914, Time: 00:05:17

Health: -9/31      AC:  4    Str:  7    XL:     4   Next: 87%
Gold:   80         EV: 12    Int: 18    God:
                   SH:  0    Dex: 20

rFire   + + .      SeeInvis .   (no weapon)
rCold   x . .      Faith    .   (no shield)
rNeg    . . .      Spirit   .   k - +0 leather armour
rPois   ∞          Reflect  .   (no helmet)
rElec   .          Harm     .   (no cloak)
rCorr   .          Rampage  .   f - +0 pair of gloves
Will    .....                   (boots unavailable)
Stlth   ++........              (no amulet)
HPRegen 0.10/turn               c - +6 ring of dexterity
MPRegen 0.00/turn               (no ring)

@: flying
A: sickness immunity, fire resistance 2, cold vulnerability 1, float, innate
caster, HP casting, extra vitality 1
a: no special abilities


You were on level 2 of the Dungeon.
You visited 1 branch of the dungeon, and saw 3 of its levels.

You collected 80 gold pieces.

Inventory:

Armour
 a - a +0 robe
 f - a +0 pair of gloves (worn)
 i - a +1 pair of boots
 k - a +0 leather armour (worn)
Jewellery
 c - a +6 ring of dexterity (left hand)
Scrolls
 b - a scroll of vulnerability {unknown}
 d - 2 scrolls of teleportation {unknown}
 g - a scroll of identify {unknown}
 h - a scroll of magic mapping {unknown}
 j - 2 scrolls of blinking {unknown}
Potions
 e - a potion of magic


   Skills:
 * Level 2.8 Dodging
 * Level 2.1 Stealth
 + Level 3.6 Spellcasting


You couldn't memorise any spells.
You knew the following spells:

 Your Spells              Type           Power      Damage    Failure   Level
a - Foxfire               Conj/Fire      64%        2x1d7     4%          1
b - Scorch                Fire           32%        2d6       8%          2
c - Conjure Flame         Conj/Fire      16%        6-21      16%         3
d - Inner Flame           Hex/Fire       16%        N/A       16%         3
e - Flame Wave            Conj/Fire      16%        2d6       45%         4
f - Animate Skeleton      Necr           32%        N/A       4%          1
Your spell library was empty.

Dungeon Overview and Level Annotations

Branches:
Dungeon (3/15)

Altars:

Shops:
D:1 ?

Annotations:
D:2 Terence


Innate Abilities, Weirdness & Mutations

You are immune to sickness and miasma.
You are immune to poison.
Your flesh is very heat resistant. (rF++)
You are vulnerable to cold. (rC-)
You float through the air rather than walking.
You learn spells naturally, not from books.
Your magical power is your life essence.
You have superior vitality. (+4 MHP)


Message History

You are too injured to fight recklessly!
Casting: Foxfire (safe; 4% risk of failure)
Confirm with . or Enter, or press ? or * to list all spells.
You conjure some foxfire!
* * * LOW HITPOINT WARNING * * *
Terence closely misses you.
Your foxfire dissipates!
The foxfire hits Terence.
Terence is almost dead.
Casting: Foxfire (safe; 4% risk of failure)
Confirm with . or Enter, or press ? or * to list all spells.
You conjure some foxfire!
* * * LOW HITPOINT WARNING * * *
Terence hits you with a +0 flail.
* * * LOW HITPOINT WARNING * * *
Your foxfire dissipates!
Terence says, "Did you write a will?
You should..."
Your magical contamination has completely faded away.
Casting: Foxfire (safe; 4% risk of failure)
Confirm with . or Enter, or press ? or * to list all spells.
You conjure some foxfire!
* * * LOW HITPOINT WARNING * * *
Terence closely misses you.
Your foxfire dissipates!
Casting: Foxfire (safe; 4% risk of failure)
Confirm with . or Enter, or press ? or * to list all spells.
You don't have enough health to cast this spell.
It was a potion of magic.
Magic washes over you without effect. Terence hits you but does no damage.
You hit Terence but do no damage.
Terence is almost dead.
Terence closely misses you.
You hit Terence but do no damage.
Terence is almost dead.
Terence shouts, "Now you die!" Terence hits you but does no damage.
You closely miss Terence.
Terence is almost dead.
Terence hits you with a +0 flail!
You die...

#....>..####.....#
#.#..♣.♣♣♣♣
#.......##.......#
#.#..♣.♣...
#####.####.#####.#
#.#..♣.♣♣♣. #.# #.......#
#.#..♣.♣♣♣. #.# #..#....#
###..♣..... #.####..#.##.#
###..♣♣♣♣♣♣
#............#####.'........
#######>####.......#........
#...@@.###############
########


You could see Terence.

Vanquished Creatures
  Jessica (D:3)
  2 adders (D:2)
  A dart slug (D:1)
  4 endoplasms
  3 goblins
  3 hobgoblins
  4 jackals (D:1)
  4 kobolds
  3 quokkas
  6 ball pythons
  4 bats
  2 frilled lizards (D:1)
  5 rats
42 creatures vanquished.

Vanquished Creatures (collateral kills)
  2 foxfires (D:1)
2 creatures vanquished.

Vanquished Creatures (others)
  202 foxfires
  2 plants (D:2)
204 creatures vanquished.

Grand Total: 248 creatures vanquished

Notes
Turn   | Place    | Note
-------+----------+-------------------------------------------
     0 | D:1      | Pinkishskies the Djinni Fire Elementalist began the quest
                  | for the Orb.
     0 | D:1      | Reached XP level 1. HP: 15/15 MP: 0/0
   154 | D:1      | Reached XP level 2. HP: 10/21 MP: 0/0
   783 | D:1      | Reached skill level 3 in Spellcasting
   784 | D:1      | Reached XP level 3. HP: 20/25 MP: 0/0
   784 | D:1      | Learned a level 1 spell: Animate Skeleton
   852 | D:1      | Found Wyqaj's Magic Scroll Emporium.
  1739 | D:2      | Reached XP level 4. HP: 11/31 MP: 0/0
  2412 | D:2      | Found a faded altar of an unknown god.
  2873 | D:3      | Noticed Jessica
  2886 | D:3      | Killed Jessica
  2889 | D:3      | Noticed Terence
  2914 | D:2      | Mangled by Terence

Illustrated notes

Levels and vault maps discovered:
D:1:      nzn_arrival_water_spiral, layout_rooms, serial_shops,
          nicolae_shop_statue_plus, serial_forest, infiniplex_forest_side_room,
          infiniplex_forest_zigzag_1, infiniplex_forest_lined_4_way,
          infiniplex_forest_clump_tiny, infiniplex_forest_lined_2
D:2:      layout_loops_cross, dreamdust_ecumenical_altar_hidden_monk_grotto,
          hangedman_abyss_or_decor_lesser_grid, kennysheep_small_spiral,
          hex_medium
D:3:      layout_loops_cross, minmay_strange_pillars, uniq_robin, uniq_jessica,
          uniq_terence

Skill      XL: |  1  2  3  4 |
---------------+-------------+-----
Spellcasting   | 3 |  3.6
Stealth        | 2 |  2.1
Dodging        | |  2.8

Action                   |  1- 3 |  4- 6 || total
-------------------------+-------+-------++-------
Melee: Unarmed           |       |     3 ||     3
 Cast: Foxfire           |    92 |    40 ||   132
       Animate Skeleton  |     2 |     3 ||     5
  Use: Potion            |       |     1 ||     1
Armor: Robe              |     2 |       ||     2
       Leather armour    |       |     2 ||     2
Dodge: Dodged            |     7 |     6 ||    13
